 Dungeon Crawl Stone Soup version bcrawl-1.13.1 (webtiles) character file.

Game seed: 3167592618603145354

107 Chiseanne the Cudgeler (level 4, 0/35 HPs)
             Began as a Demonspawn Archaeologist on Aug 2, 2019.
             Slain by a scorpion (4 damage)
             ... on level 3 of the Dungeon.
             The game lasted 00:05:23 (2732 turns).

Chiseanne the Cudgeler (Demonspawn Archaeologist)   Turns: 2732, Time: 00:05:24

Health: 0/35       AC: 10    Str: 13    XL:     4   Next: 56%
Magic:  4/4        EV: 10    Int: 15    God:
Gold:   70         SH:  0    Dex: 13    Spells: 3/3 levels left

rFire    . . .     SeeInvis .   i - +0 short sword
rCold    . . .     Gourm    .   (no shield)
rNeg     . . .     Faith    .   o - +1 scale mail
rPois    .         Spirit   .   c - +1 hat
rElec    .         Reflect  .   (no cloak)
rCorr    .         Harm     .   (no gloves)
MR       .....                  d - +1 pair of boots
Stlth    +.........             (no amulet)
HPRegen  0.11/turn              b - +2 ring of strength
MPRegen  0.09/turn              (no ring)

@: lethally poisoned (0 -> -18), studying Maces & Flails
A: claws 1, powered by pain 1
a: no special abilities


You were on level 3 of the Dungeon.
You were not hungry.

You visited 1 branch of the dungeon, and saw 3 of its levels.

You collected 70 gold pieces.

Inventory:

Hand Weapons
 i - a +0 short sword (weapon)
Missiles
 h - 213 poisoned needles
 m - 181 arrows
Armour
 c - a +1 hat (worn)
 d - a +1 pair of boots (worn)
 o - a +1 scale mail (worn)
Jewellery
 b - a +2 ring of strength (left claw)
Potions
 a - 2 potions of magic
 j - a potion of haste
 l - a potion of brilliance
Books
 e - a manual of Maces & Flails
Miscellaneous
 f - an ancient crate
Comestibles
 g - 6 rations {!d}
 n - 2 chunks of flesh


   Skills:
 - Level 3.0 Fighting
 + Level 4.3 Maces & Flails
 - Level 2.6 Dodging
 - Level 3.0 Stealth


You had 3 spell levels left.
You didn't know any spells.
Your spell library was empty.

Dungeon Overview and Level Annotations

Branches:
Dungeon (3/12)

Altars:
Ashenzari
Xom
The Shining One


Innate Abilities, Weirdness & Mutations

You have sharp fingernails.
You sometimes gain a little power by taking damage.


Message History

The scorpion closely misses you.
Your scale mail prevents you from hitting the scorpion.
The scorpion is severely wounded.
You feel sick. The scorpion closely misses you.
You hit the scorpion.
The scorpion is severely wounded.
You feel sick. The scorpion stings you.
* * * LOW HITPOINT WARNING * * *
You barely miss the scorpion.
The scorpion is severely wounded.
* * * LOW HITPOINT WARNING * * *
You feel sick.
The scorpion stings you but does no damage.
The scorpion stings you.
* * * LOW HITPOINT WARNING * * *
Your scale mail prevents you from hitting the scorpion.
The scorpion is severely wounded.
* * * LOW HITPOINT WARNING * * *
You feel sick. The scorpion stings you.
You die...

*,* *,,,,,....# ######
*,******************,....###..>..
*,,,,,,,,,,,,,,,,,,,,............
*************##***####........###
#..*##..##..###..###
##*#.##.##.##.# #.....
*_.*#.##.##...# #.####
**#.##.##.##..###.#
#.s@#.รท.###.....# #########
#######


You could see a scorpion.

Vanquished Creatures
  3 adders (D:3)
  An ooze (D:1)
  2 worms (D:2)
  4 dart slugs
  3 leopard geckos
  4 ball pythons
  7 giant cockroaches
  6 goblins
  2 hobgoblins (D:1)
  2 jackals (D:2)
  5 bats
  3 frilled lizards
  8 kobolds
  11 rats (D:1)
61 creatures vanquished.

Notes
Turn   | Place    | Note
-------+----------+-------------------------------------------
     0 | D:1      | Chiseanne the Demonspawn Archaeologist began the quest for
                  | the Orb.
     0 | D:1      | Reached XP level 1. HP: 15/15 MP: 1/1
   181 | D:1      | Gained mutation: You sometimes gain a little power by
                  | taking damage. [demonic ancestry]
   181 | D:1      | Reached XP level 2. HP: 20/22 MP: 2/2
   981 | D:1      | Gained mutation: You have sharp fingernails. [demonic
                  | ancestry]
   981 | D:1      | Reached XP level 3. HP: 29/29 MP: 3/3
  1043 | D:1      | Reached skill level 1 in Maces & Flails
  1558 | D:2      | Reached skill level 2 in Maces & Flails
  2052 | D:2      | Reached skill level 3 in Maces & Flails
  2195 | D:2      | Reached XP level 4. HP: 35/35 MP: 4/4
  2215 | D:2      | Found a shimmering altar of Xom.
  2476 | D:2      | Found a glowing golden altar of the Shining One.
  2592 | D:3      | Reached skill level 4 in Maces & Flails
  2711 | D:3      | Found a shattered altar of Ashenzari.
  2732 | D:3      | Slain by a scorpion

Skill      XL: |  1  2  3  4 |
---------------+-------------+-----
Fighting       | 2 3 |  3.0
Maces & Flails | 3 4 |  4.3
Dodging        | |  2.6
Stealth        | |  3.0

Action                   |  1- 3 |  4- 6 || total
-------------------------+-------+-------++-------
Melee: Whip              |    51 |       ||    51
       Short sword       |   157 |    88 ||   245
  Use: Scroll            |    10 |     3 ||    13
 Stab: Sleeping          |     7 |       ||     7
  Eat: Chunk             |     4 |     2 ||     6
Armor: Robe              |    22 |       ||    22
       Scale mail        |    74 |    40 ||   114
Dodge: Dodged            |   127 |    50 ||   177
